Map: Abyssal Reef LE

Players

IIIIIIIIIIII - Winner!

  • Race: Protoss Protoss
  • Spawn Location: 11:00

Disciple

  • Race: Terran Terran
  • League: Platinum
  • Spawn Location: 5:00

VOD

Have the link to the VOD?

Description

Time

  • Played on: Sept. 23, 2017, 10:37 a.m.
  • Length: 14:41
Show
View Real Time Build Order
Export as new Build Order

IIIIIIIIIIII Protoss - Winner!

Build Orders:  

Get SALT Encoding   

  12  0:01  Probe (Chrono Boost)  
  13  0:12  Assimilator  
  13  0:24  Probe (Chrono Boost)  
  14  2:52  Probe (Chrono Boost)  
  15  3:08  Pylon  
  15  3:26  Probe (Chrono Boost), Assimilator  
  16  3:32  Forge  
  16  3:45  Probe (Chrono Boost)  
  17  3:57  Gateway  
  17  3:58  Probe (Chrono Boost)  
  18  4:06  Photon Cannon  
  18  4:09  Probe (Chrono Boost)  
  19  4:11  Assimilator  
  19  4:19  Probe (Chrono Boost)  
  20  4:34  Probe (Chrono Boost)  
  21  4:45  Probe (Chrono Boost)  
  22  4:48  Cybernetics Core  
  22  4:50  Pylon  
  22  4:58  Probe (Chrono Boost)  
  23  5:08  Pylon  
  23  5:10  Probe (Chrono Boost)  
  24  5:26  Gateway  
  24  5:30  Gateway  
  24  5:37  Twilight Council  
  24  5:43  Warp Gate (Chrono Boost)  
  24  5:54  Nexus  
  24  6:06  Protoss Ground Weapons Level 1  
  24  6:20  Dark Shrine  
  24  6:21  Probe (Chrono Boost)  
  25  6:34  Mothership Core (Chrono Boost)  
  27  6:55  Pylon  
  27  7:03  Probe  
  27  7:04  Probe  
  29  7:16  Photon Cannon  
  29  7:18  Probe  
  29  7:19  Photon Cannon, Probe  
  31  7:31  Probe  
  32  7:41  Stargate  
  32  7:43  Dark Templar x3  
  38  7:47  Probe  
  38  7:49  Probe  
  40  7:55  Blink  
  40  8:03  Probe  
  40  8:04  Probe  
  42  8:15  Probe  
  42  8:16  Probe  
  42  8:17  Assimilator  
  42  8:19  Assimilator  
  44  8:34  Probe  
  44  8:35  Probe  
  44  8:38  Zealot x3  
  52  8:44  Probe  
  53  8:50  Archon  
  53  8:54  Probe  
  53  8:55  Probe  
  55  9:13  Probe  
  55  9:15  Probe  
  55  9:16  Phoenix  
  59  9:24  Nexus  
  59  9:28  Stalker  
  61  9:33  Pylon  
  61  9:35  Pylon  
  61  9:47  Assimilator  
  61  9:51  Assimilator, Phoenix  
  63  9:54  Probe  
  63  9:56  Probe  
  65  10:01  Stalker x3  
  65  10:06  Charge  
  71  10:20  Probe  
  71  10:21  Probe (Chrono Boost)  
  71  10:27  Protoss Ground Weapons Level 2  
  73  10:33  Probe (Chrono Boost)  
  74  10:45  Probe x2 (Chrono Boost)  
  74  10:48  Probe (Chrono Boost)  
  77  10:50  Stalker x3  
  77  10:52  Void Ray  
  87  11:01  Probe x3 (Chrono Boost)  
  91  11:11  Probe (Chrono Boost)  
  91  11:15  Dark Templar  
  93  11:20  Pylon  
  93  11:22  Pylon  
  93  11:23  Pylon  
  93  11:39  Probe x3 (Chrono Boost)  
  96  11:59  Probe x3 (Chrono Boost)  
  99  12:07  Nexus  
  99  12:21  Void Ray  
  103  12:24  Probe x3 (Chrono Boost)  
  106  12:36  Stargate  
  106  12:38  Stargate  
  106  12:40  Stargate  
  106  12:49  Probe x3 (Chrono Boost)  
  109  12:56  Stalker x3  
  115  12:59  Probe (Chrono Boost)  
  115  13:05  Probe (Chrono Boost)  
  117  13:14  Pylon x2  
  117  13:15  Pylon  
  117  13:19  Void Ray, Probe x2 (Chrono Boost)  
  123  13:21  Void Ray x2  
  131  13:36  Probe (Chrono Boost)  
  131  13:37  Probe x3 (Chrono Boost)  
  135  13:47  Probe (Chrono Boost)  
  136  13:49  Probe x3 (Chrono Boost)  
  136  13:55  Void Ray  
  147  14:09  Probe (Chrono Boost)  
  156  14:38  Pylon  
  156  14:39  Pylon x2  
  156  14:40  Pylon  
Show
View Real Time Build Order
Export as new Build Order

Disciple Terran 

Build Orders:  

Get SALT Encoding   

  12  0:01  SCV  
  13  0:13  SCV  
  14  0:18  Supply Depot  
  14  0:25  SCV  
  15  0:40  Barracks, SCV  
  16  0:52  SCV  
  17  0:58  Refinery  
  18  1:04  SCV  
  18  1:07  Supply Depot  
  18  1:10  Refinery  
  1  3:48  SCV  
  2  4:19  SCV  
  3  4:41  SCV  
  4  4:58  SCV  
  5  5:19  SCV  
  6  5:31  SCV  
  7  5:43  SCV  
  8  5:55  SCV  
  9  6:08  SCV  
  10  6:13  Barracks  
  10  6:20  SCV  
  11  6:32  SCV  
  12  6:35  Marine  
  13  7:03  Marine  
  13  7:04  Marine  
  13  7:06  Orbital Command  
  15  7:14  Barracks  
  15  7:23  Marine  
  15  7:24  Marine  
  17  7:41  Marine x2  
  19  7:57  SCV  
  20  7:59  Marine x2  
  20  8:02  Marine  
  23  8:09  SCV  
Tags
 
Add a new tag
Caveats
  • Supply blocks, unpowered buildings, or Contaminate may cause inaccurate times.
  • Supply counts are checked every 10 seconds.